 Dungeon Crawl Stone Soup version 0.32-a0-960-g3814254bd7 (webtiles) character file.

Game seed: 7669304450420046643

45 retardedninja the Trooper (level 3, -2/30 HPs)
             Began as a Coglin Fighter on Apr 17, 2024.
             Killed from afar by Sigmund (9 damage)
             ... with a puff of flame
             ... on level 2 of the Dungeon.
             The game lasted 00:01:30 (1159 turns).

retardedninja the Trooper (Coglin Fighter)          Turns: 1159, Time: 00:01:31

Health: -2/30      AC:  6    Str: 18    XL:     3   Next: 64%
Magic:  3/3        EV:  8    Int:  7    God:
Gold:   58         SH:  0    Dex: 13    Spells: 2/2 levels left

rFire   . . .        a - +0 war axe {Somchai}
rCold   . . .        c - +0 whip {Centenhua}
rNeg    . . .        b - +0 scale mail
rPois   .            (no helmet)
rElec   .            (no cloak)
rCorr   .            (no gloves)
SInv    .            (no boots)
Will    .....        (amulet unavailable) Stlth
                     (ring unavailable)
HPRegen 0.25/turn    (ring unavailable)
MPRegen 0.08/turn    (no gizmo)

%: no passive effects
@: revving
A: off-hand wielding, slow wielding, warmup strikes, no jewellery
a: Invent Gizmo


You were on level 2 of the Dungeon.
You visited 1 branch of the dungeon, and saw 2 of its levels.

You collected 58 gold pieces.

Inventory:

Hand Weapons
 a - a +0 war axe (weapon) {Somchai}
 c - a +0 whip (offhand) {Centenhua}
Armour
 b - a +0 scale mail (worn)
Scrolls
 e - a scroll of identify {unknown}
 f - a scroll of silence {unknown}
 h - a scroll of torment {unknown}
 i - a scroll of enchant weapon {unknown}
 j - a scroll of revelation {unknown}
Potions
 d - a potion of might


   Skills:
 * Level 3.8 Fighting
 + Level 2.5 Axes
 + Level 3.1 Armour
 - Level 2.1 Shields


You had 2 spell levels left.
You didn't know any spells.
Your spell library contained the following spells:

 Spells                   Type           Power      Damage    Failure   Level
 Sting                    Conj/Alch      0%         1d3       82%         1
 Mercury Vapours          Alch/Air       0%         N/A       91%         2
 Olgreb's Toxic Radiance  Alch           0%         N/A       100%        4


Dungeon Overview and Level Annotations

Branches:
Dungeon (2/15)

Altars:

Annotations:
D:2 Sigmund


Innate Abilities, Weirdness & Mutations

You can wield a second weapon in your off-hand.
It takes a long time for you to wield or remove held weapons.
Your first few attacks do less damage.
You cannot equip rings or amulets.


Message History

You closely miss something with your +0 war axe.
You hear some strange, mumbled words.
A puff of flame appears from out of thin air!
The puff of flame hits you.
You hit something but do no damage.
You closely miss something with your +0 war axe.
Something hits you but does no damage.
You hit something with your +0 whip.
You slash something with your +0 war axe!
Something hits you.
You hit something with your +0 whip.
You barely miss something with your +0 war axe.
Something hits you.
You closely miss something with your +0 whip.
You closely miss something with your +0 war axe.
You miss something with your +0 war axe.
You barely miss something with your +0 whip.
Something hits you.
* * * LOW HITPOINT WARNING * * *
It was a potion of curing.
You feel better.
You hear some strange, mumbled words.
You are confused.
Something hits you. Something hits you.
* * * LOW HITPOINT WARNING * * *
Something hits you but does no damage.
You bump into the rock wall.
You feel less confused.
You hear some strange, mumbled words.
A puff of flame appears from out of thin air!
The puff of flame hits you.
* * * LOW HITPOINT WARNING * * *
Something hits you but does no damage.
You closely miss something with your +0 whip.
You barely miss something with your +0 war axe.
You hit something but do no damage. You hit something with your +0 whip.
You hear some strange, mumbled words.
A puff of flame appears from out of thin air!
The puff of flame hits you!
You die...

#.. #.# #.. #.# #...
###.### #... ####.....
#... #......#
####...###.##...##
.................#
###?
...............#@#
....
................{#..#
##.......#.#........#
#.#...#.#............#
#...#.#.####.##.#### #
#...#.#.. ..# .#
##.#...#.### ##.# ..
##.......# #.# ##
####...### #.#


There were no monsters in sight!

Vanquished Creatures
  2 adders (D:2)
  2 bats (D:2)
  3 endoplasms
  A giant cockroach (D:1)
  3 goblins (D:1)
  2 hobgoblins
  2 jackals (D:2)
  4 kobolds
  A quokka (D:2)
  2 ball pythons (D:2)
  A frilled lizard (D:1)
  4 rats
27 creatures vanquished.

Notes
Turn   | Place    | Note
-------+----------+-------------------------------------------
     0 | D:1      | retardedninja the Coglin Fighter began the quest for the
                  | Orb.
     0 | D:1      | Reached XP level 1. HP: 18/18 MP: 1/1
   302 | D:1      | Reached XP level 2. HP: 21/24 MP: 2/2
   918 | D:2      | Reached XP level 3. HP: 23/29 MP: 3/3
  1136 | D:2      | Noticed Sigmund
  1159 | D:2      | Killed from afar by Sigmund

Illustrated notes

Levels and vault maps discovered:
D:1:      lemuel_arrival_lava_pool, layout_loops_corners
D:2:      layout_loops_cross, uniq_jessica, uniq_sigmund

Skill      XL: |  1  2 |
---------------+-------+-----
Armour         | 3 |  3.1
Fighting       | |  3.8
Axes           | |  2.5
Shields        | |  2.1

Action                     || total
---------------------------++-------
  Melee: War axe           ||    50
         Whip              ||    46
    Use: Potion            ||     1
 Armour: Scale mail        ||    42
  Dodge: Dodged            ||    20

Table legend: (Time is in decaauts)
 A = Elapsed time spent in this place.
 B = Non-inter-level travel time spent in this place.
 C = Inter-level travel time spent in this place.
 D = Time resting spent in this place.
 E = Time spent auto-exploring this place.
 F = Levels seen in this place.
 G = Mean time per level.
                   A        B        C        D        E       F      G
               +--------+--------+--------+--------+--------+-----+--------+
         Total |   1170 |   1119 |     51 |      0 |    920 |   2 |  585.0 |
       Dungeon |   1170 |   1119 |     51 |      0 |    920 |   2 |  585.0 |
               +--------+--------+--------+--------+--------+-----+--------+

Top non-repeatable levels by time:
     D:1: 909 daAuts
     D:2: 261 daAuts
